 Dungeon Crawl Stone Soup version 0.32-a0-132-g2d33c3cfaf (webtiles) character file.

Game seed: 14299751274162486010

206 Dittersdorf the Shield-Bearer (level 5, -2/34 HPs)
             Began as a Gargoyle Fighter on Feb 9, 2024.
             Slain by an iguana (11 damage)
             ... on level 3 of the Dungeon.
             The game lasted 00:01:55 (2174 turns).

Dittersdorf the Shield-Bearer (Gargoyle Fighter)    Turns: 2174, Time: 00:01:56

Health: -2/34      AC: 12    Str: 21    XL:     5   Next: 84%
Magic:  5/5        EV:  9    Int:  9    God:
Gold:   125        SH:  4    Dex:  9    Spells: 4/4 levels left

rFire   . . .        a - +0 flail
rCold   . . .        c - +0 buckler
rNeg    + . .        b - +0 scale mail
rPois   ∞            (no helmet)
rElec   +            h - +0 cloak
rCorr   .            (no gloves)
SInv    .            (no boots)
Will    .....        (no amulet) Stlth
                     (no ring)
HPRegen 0.25/turn    (no ring)
MPRegen 0.09/turn

%: no passive effects
@: no status effects
A: sickness immunity, AC +4, negative energy resistance 1, electricity
resistance, torment resistance 1, petrification resistance
a: no special abilities


You were on level 3 of the Dungeon.
You visited 1 branch of the dungeon, and saw 3 of its levels.

You collected 125 gold pieces.

Inventory:

Hand Weapons
 a - a +0 flail (weapon)
Armour
 b - a +0 scale mail (worn)
 c - a +0 buckler (worn)
 h - a +0 cloak (worn)
Jewellery
 q - a ring of see invisible
Wands
 p - a wand of digging (6)
 s - a wand of flame (22)
Scrolls
 e - a scroll of amnesia {unknown}
 f - 7 scrolls of identify {unknown}
 i - a scroll of revelation {unknown}
 k - a scroll of poison {unknown}
 m - 2 scrolls of teleportation {unknown}
 r - a scroll of fog {unknown}
Potions
 d - a potion of might
 g - 3 potions of curing {unknown}
 j - a potion of enlightenment {unknown}
 l - a potion of brilliance {unknown}
 n - a potion of lignification {unknown}
 o - 2 potions of mutation {unknown}


   Skills:
 + Level 4.4 Fighting
 + Level 3.3 Maces & Flails
 + Level 4.4 Armour
 + Level 4.4 Shields


You had 4 spell levels left.
You didn't know any spells.
Your spell library contained the following spells:

 Spells                   Type           Power      Damage    Failure   Level
 Freeze                   Ice            0%         1d3       78%         1
 Shock                    Conj/Air       0%         1d3       78%         1
 Frozen Ramparts          Ice            0%         1d1       98%         3
 Hailstorm                Conj/Ice       0%         3d5       98%         3
 Swiftness                Air            0%         N/A       98%         3
 Volatile Blastmotes      Fire/Tloc      0%         2d10      98%         3
 Airstrike                Air            0%         2d(0-16)  100%        4
 Fulminant Prism          Conj/Alch      0%         3d5       100%        4
 Iskenderun's Mystic Bla  Conj/Tloc      0%         2d3       100%        4


Dungeon Overview and Level Annotations

Branches:
Dungeon (3/15)

Altars:


Innate Abilities, Weirdness & Mutations

You are immune to sickness and miasma.
Your stone body is resilient. (AC +4)
You are immune to poison.
You resist negative energy. (rN+)
You are resistant to electric shocks. (rElec)
You are resistant to unholy torment.
You are immune to petrification.


Message History

The iguana is lightly wounded.
The iguana bites you!
You closely miss the iguana.
The iguana is lightly wounded.
The iguana bites you!
You are too injured to fight recklessly!
You are too injured to fight recklessly!
You are too injured to fight recklessly!
You are too injured to fight recklessly!
You are too injured to fight recklessly!
You are too injured to fight recklessly!
You are too injured to fight recklessly!
You are too injured to fight recklessly!
You are too injured to fight recklessly!
You are too injured to fight recklessly!
You are too injured to fight recklessly!
You are too injured to fight recklessly!
You are too injured to fight recklessly!
You are too injured to fight recklessly!
You are too injured to fight recklessly!
You are too injured to fight recklessly!
You are too injured to fight recklessly!
You are too injured to fight recklessly!
You are too injured to fight recklessly!
You hit the iguana.
The iguana is lightly wounded.
The iguana closely misses you.
You sock the iguana!
The iguana is heavily wounded.
The iguana bites you but does no damage.
The iguana bites you.
* * * LOW HITPOINT WARNING * * *
You hit the iguana.
The iguana is severely wounded.
The iguana bites you.
* * * LOW HITPOINT WARNING * * *
You barely miss the iguana.
The iguana is severely wounded.
The iguana bites you!
You die...

## ###### #> #####....#
. #. ... +....+ ..##
#.##.# #.!..###♣
.....#....# #....#..♣
♣....#....###.....~~♣
~~~~~P~...........♣~~~
P~~~~P~.........@♣♣
≈PP~~~~.........l~~~P~~~
~P~P~~..........♣♣~~P~P~
≈≈~~~~~.......##~P♣~P≈~≈
≈≈P~~..........#♣~~~≈≈≈≈
≈~~~~.....####.♣ ~~≈≈≈≈≈
≈P~~~~....# .. PP ≈≈≈
~~~~~~....# ###♣♣ ≈≈≈≈
PP~P~~~...# #...♣ ≈≈≈≈


You could see an iguana.

Vanquished Creatures
  An iguana (D:2)
  Natasha (thrice) (D:2)
  4 adders
  3 dart slugs
  A ribbon worm (D:2)
  4 orcs (D:3)
  2 bats
  6 endoplasms
  A giant cockroach (D:2)
  2 hobgoblins
  3 jackals (D:1)
  5 kobolds
  4 quokkas
  5 ball pythons
  3 frilled lizards (D:2)
  8 goblins
  4 rats
59 creatures vanquished.

Notes
Turn   | Place    | Note
-------+----------+-------------------------------------------
     0 | D:1      | Dittersdorf the Gargoyle Fighter began the quest for the
                  | Orb.
     0 | D:1      | Reached XP level 1. HP: 14/14 MP: 1/1
    99 | D:1      | Found a faded altar of an unknown god.
   150 | D:1      | Reached XP level 2. HP: 13/19 MP: 2/2
   615 | D:2      | Reached XP level 3. HP: 23/23 MP: 3/3
   983 | D:2      | Noticed Natasha
   992 | D:2      | Killed Natasha
   993 | D:2      | Reached XP level 4. HP: 22/29 MP: 4/4
  1029 | D:2      | Noticed Natasha
  1049 | D:2      | Killed Natasha
  1300 | D:2      | Reached XP level 5. HP: 32/33 MP: 5/5
  1486 | D:2      | Noticed Natasha
  1503 | D:2      | Killed Natasha
  2174 | D:3      | Slain by an iguana

Illustrated notes

Levels and vault maps discovered:
D:1:      tarquinn_simple_flora_water_a, layout_rooms, basic_ecumenical_altar
D:2:      layout_basic, minmay_tetromino_o2, uniq_natasha
D:3:      layout_basic, serial_bayou, serial_bayou_pond_c, serial_bayou_lake_a,
          serial_bayou_pond_b, serial_bayou_shore_a

Skill      XL: |  1  2  3  4 |
---------------+-------------+-----
Armour         | 4 |  4.4
Shields        | 4 |  4.4
Fighting       | 4 |  4.4
Maces & Flails | 3 |  3.3

Action                     |  1- 3 |  4- 6 || total
---------------------------+-------+-------++-------
  Melee: Flail             |   134 |   123 ||   257
 Armour: Scale mail        |    96 |    93 ||   189
  Dodge: Dodged            |    59 |    52 ||   111
  Block: Buckler           |    28 |    23 ||    51

Table legend: (Time is in decaauts)
 A = Elapsed time spent in this place.
 B = Non-inter-level travel time spent in this place.
 C = Inter-level travel time spent in this place.
 D = Time resting spent in this place.
 E = Time spent auto-exploring this place.
 F = Levels seen in this place.
 G = Mean time per level.
                   A        B        C        D        E       F      G
               +--------+--------+--------+--------+--------+-----+--------+
         Total |   2255 |   2209 |     46 |     22 |   1677 |   3 |  751.7 |
       Dungeon |   2255 |   2209 |     46 |     22 |   1677 |   3 |  751.7 |
               +--------+--------+--------+--------+--------+-----+--------+

Top non-repeatable levels by time:
     D:2: 1419 daAuts
     D:1: 596 daAuts
     D:3: 239 daAuts
